1886 views
Uploaded 2022-12-15 23:04:07
Game version 1.32.10
44:09 long 1on1 ladder game on (2)Tidehunters
Saved by DKnight
1886 views
Uploaded 2022-12-15 23:04:07
Game version 1.32.10
44:09 long 1on1 ladder game on (2)Tidehunters

64 units @ 7.8k
/ 0.8k
44 buildings @ 4.9k
/ 2.3k



| Lesser Clarity Potion | 10 | 700 |
| Scroll of Regeneration | 4 | 400 |
| Ivory Tower | 5 | 200 |
| Potion of Healing | 5 | 750 |
| Orb of Fire | 2 | 650 |
| Staff of Sanctuary | 3 | 750 |
| Potion of Mana | 4 | 800 |
| Scroll of Town Portal | 1 | 350 |
| Boots of Speed | 1 | 250 |
| Potion of Lesser Invulnerability | 3 | 450 |
| Periapt of Vitality | 1 | 325 |
| Ankh of Reincarnation | 1 | 450 |
| total: | 40 | 6075g |
| Peasant | 36 | 2700 | / | 0 |
| Rifleman | 6 | 1230 | / | 180 |
| Footman | 2 | 270 | / | 0 |
| Priest | 8 | 1080 | / | 80 |
| Flying Machine | 2 | 200 | / | 60 |
| Knight | 3 | 735 | / | 180 |
| Spell Breaker | 4 | 860 | / | 120 |
| Sorceress | 2 | 310 | / | 40 |
| Goblin Shredder | 1 | 375 | / | 100 |
| total: | 64 | 7760g | / | 760w |
| Scout Tower | 19 | 570 | / | 380 |
| Arcane Tower | 4 | 280 | / | 200 |
| Guard Tower | 2 | 140 | / | 100 |
| Altar of Kings | 1 | 180 | / | 50 |
| Farm | 8 | 640 | / | 160 |
| Barracks | 2 | 320 | / | 120 |
| Blacksmith | 1 | 140 | / | 60 |
| Lumber Mill | 1 | 120 | / | 0 |
| Arcane Vault | 4 | 520 | / | 120 |
| Town Hall | 5 | 1925 | / | 1025 |
| Cannon Tower | 13 | 1560 | / | 1300 |
| Arcane Sanctum | 2 | 300 | / | 280 |
| Workshop | 1 | 140 | / | 140 |
| Keep | 1 | 320 | / | 210 |
| Castle | 1 | 360 | / | 210 |
| total: | 44 | 4855g | / | 2335w |
| 0:02 | Peasant |
| 0:02 | Peasant |
| 0:02 | Peasant |
| 0:08 | Altar of Kings |
| 0:09 | Peasant |
| 0:14 | Peasant |
| 0:20 | Farm |
| 0:41 | Peasant |
| 0:47 | Barracks |
| 1:24 | Blacksmith |
| 1:26 | Peasant |
| 1:46 | Farm |
| 1:53 | Farm |
| 1:56 | Peasant |
| 2:08 | Scout Tower |
| 2:11 | Storm Bolt |
| 2:30 | Farm |
| 2:35 | Rifleman |
| 2:36 | Rifleman |
| 2:45 | Lumber Mill |
| 2:53 | Arcane Tower |
| 3:03 | Scout Tower |
| 3:13 | Arcane Vault |
| 3:26 | Rifleman |
| 3:55 | Guard Tower |
| 3:57 | Footman |
| 4:27 | Keep |
| 4:32 | Farm |
| 4:50 | Lesser Clarity Potion |
| 4:50 | Lesser Clarity Potion |
| 5:18 | Footman |
| 5:25 | Bash |
| 5:28 | Rifleman |
| 5:31 | Scroll of Regeneration |
| 6:00 | Rifleman |
| 6:06 | Black Gunpowder |
| 6:17 | Barracks |
| 7:01 | Arcane Sanctum |
| 7:14 | Farm |
| 7:20 | Healing Spray |
| 7:28 | Long Rifles |
| 7:39 | Storm Bolt |
| 7:49 | Boots of Speed |
| 8:00 | Potion of Lesser Invulnerability |
| 8:45 | Chemical Rage |
| 9:04 | Goblin Shredder |
| 9:16 | Priest |
| 9:17 | Priest |
| 9:22 | Scout Tower |
| 9:27 | Lesser Clarity Potion |
| 9:29 | Lesser Clarity Potion |
| 9:41 | Ivory Tower |
| 9:41 | Ivory Tower |
| 9:52 | Workshop |
| 10:09 | Farm |
| 10:09 | Farm |
| 10:26 | Arcane Tower |
| 10:45 | Town Hall |
| 10:49 | Arcane Tower |
| 11:00 | Priest Adept Training |
| 11:17 | Scout Tower |
| 11:18 | Scout Tower |
| 11:24 | Bash |
| 11:27 | Healing Spray |
| 11:41 | Castle |
| 11:48 | Refined Gunpowder |
| 12:03 | Cannon Tower |
| 12:13 | Flying Machine |
| 12:21 | Scout Tower |
| 12:27 | Magic Sentry |
| 13:01 | Peasant |
| 13:01 | Peasant |
| 13:03 | Cannon Tower |
| 13:05 | Arcane Vault |
| 13:26 | Rifleman |
| 13:46 | Cannon Tower |
| 13:55 | Scroll of Regeneration |
| 13:55 | Lesser Clarity Potion |
| 13:59 | Potion of Healing |
| 14:21 | Orb of Fire |
| 15:06 | Knight |
| 15:15 | Staff of Sanctuary |
| 15:21 | Potion of Mana |
| 15:43 | Peasant |
| 16:06 | Spell Breaker |
| 16:07 | Peasant |
| 16:07 | Peasant |
| 16:07 | Peasant |
| 16:09 | Arcane Sanctum |
| 16:20 | Potion of Mana |
| 16:31 | Animal War Training |
| 16:52 | Town Hall |
| 16:56 | Scout Tower |
| 16:56 | Scout Tower |
| 16:57 | Scout Tower |
| 17:33 | Staff of Sanctuary |
| 17:34 | Scroll of Regeneration |
| 17:38 | Lesser Clarity Potion |
| 17:56 | Priest |
| 18:12 | Potion of Mana |
| 18:18 | Summon Water Elemental |
| 18:27 | Potion of Healing |
| 18:32 | Chemical Rage |
| 18:45 | Chemical Rage |
| 19:09 | Peasant |
| 19:11 | Cannon Tower |
| 19:14 | Cannon Tower |
| 19:16 | Peasant |
| 19:16 | Peasant |
| 19:17 | Peasant |
| 19:22 | Peasant |
| 19:30 | Peasant |
| 19:30 | Peasant |
| 19:46 | Orb of Fire |
| 20:55 | Potion of Healing |
| 20:57 | Potion of Mana |
| 21:14 | Fragmentation Shards |
| 21:26 | Potion of Lesser Invulnerability |
| 21:38 | Periapt of Vitality |
| 21:43 | Peasant |
| 21:43 | Peasant |
| 21:45 | Arcane Vault |
| 21:48 | Peasant |
| 21:48 | Peasant |
| 21:51 | Spell Breaker |
| 22:01 | Arcane Vault |
| 22:06 | Arcane Tower |
| 22:09 | Scout Tower |
| 22:11 | Peasant |
| 22:11 | Peasant |
| 22:19 | Sorceress |
| 22:42 | Scout Tower |
| 22:50 | Knight |
| 22:58 | Lesser Clarity Potion |
| 23:09 | Knight |
| 23:15 | Iron Forged Swords |
| 23:19 | Sorceress Adept Training |
| 23:30 | Cannon Tower |
| 23:35 | Priest |
| 23:55 | Staff of Sanctuary |
| 23:56 | Ivory Tower |
| 24:23 | Spell Breaker |
| 24:33 | Storm Bolt |
| 24:46 | Scout Tower |
| 24:47 | Scout Tower |
| 24:48 | Scout Tower |
| 24:48 | Scout Tower |
| 24:56 | Priest Master Training |
| 24:57 | Sorceress Master Training |
| 25:01 | Improved Masonry |
| 25:10 | Ivory Tower |
| 25:11 | Ivory Tower |
| 25:17 | Scroll of Town Portal |
| 25:26 | Cannon Tower |
| 25:40 | Cannon Tower |
| 26:14 | Cannon Tower |
| 26:15 | Cannon Tower |
| 26:18 | Cannon Tower |
| 26:29 | Town Hall |
| 27:08 | Town Hall |
| 27:28 | Cannon Tower |
| 28:11 | Potion of Healing |
| 28:38 | Potion of Healing |
| 28:55 | Brilliance Aura |
| 29:04 | Peasant |
| 29:05 | Peasant |
| 29:44 | Peasant |
| 29:44 | Peasant |
| 29:53 | Cannon Tower |
| 30:01 | Scout Tower |
| 30:02 | Peasant |
| 31:05 | Peasant |
| 31:09 | Peasant |
| 31:09 | Peasant |
| 31:18 | Priest |
| 31:34 | Scroll of Regeneration |
| 31:36 | Lesser Clarity Potion |
| 31:55 | Lesser Clarity Potion |
| 32:00 | Spell Breaker |
| 32:10 | Scout Tower |
| 32:22 | Potion of Lesser Invulnerability |
| 33:06 | Ankh of Reincarnation |
| 33:11 | Scout Tower |
| 33:12 | Scout Tower |
| 33:19 | Flying Machine |
| 34:41 | Town Hall |
| 34:55 | Priest |
| 36:23 | Guard Tower |
| 37:19 | Peasant |
| 38:28 | Lesser Clarity Potion |
| 38:53 | Priest |
| 39:02 | Sorceress |
| 41:12 | Priest |
| Right click | 1201 |
| Select | 988 |
| Select group | 823 |
| Build/train/purchase | 244 |
| Misc. action | 173 |
| Use ability | 168 |
| Assign group | 69 |
| Item give/drop | 21 |
| Esc | 5 |
39 units @ 7.1k
/ 1.3k
13 buildings @ 2.1k
/ 0.6k



| Rod of Necromancy | 5 | 750 |
| Potion of Healing | 3 | 450 |
| Orb of Corruption | 2 | 750 |
| Potion of Mana | 1 | 200 |
| Scroll of Healing | 4 | 1000 |
| Potion of Lesser Invulnerability | 2 | 300 |
| total: | 17 | 3450g |
| Acolyte | 5 | 375 | / | 0 |
| Ghoul | 8 | 960 | / | 0 |
| Crypt Fiend | 15 | 3225 | / | 600 |
| Obsidian Statue | 3 | 600 | / | 105 |
| Abomination | 8 | 1920 | / | 560 |
| total: | 39 | 7080g | / | 1265w |
| Nerubian Tower | 1 | 100 | / | 20 |
| Altar of Darkness | 1 | 180 | / | 50 |
| Ziggurat | 7 | 1050 | / | 350 |
| Crypt | 1 | 200 | / | 50 |
| Tomb of Relics | 1 | 130 | / | 30 |
| Graveyard | 2 | 430 | / | 0 |
| Slaughterhouse | 1 | 140 | / | 135 |
| Halls of the Dead | 1 | 320 | / | 210 |
| Black Citadel | 1 | 325 | / | 230 |
| total: | 13 | 2130g | / | 615w |
| 0:02 | Acolyte |
| 0:02 | Acolyte |
| 0:05 | Altar of Darkness |
| 0:07 | Ziggurat |
| 0:31 | Crypt |
| 0:42 | Acolyte |
| 0:58 | Tomb of Relics |
| 1:14 | Ziggurat |
| 1:35 | Ghoul |
| 1:36 | Ghoul |
| 2:03 | Rod of Necromancy |
| 2:05 | Ghoul |
| 2:08 | Death Coil |
| 2:21 | Ghoul |
| 2:35 | Ghoul |
| 3:23 | Halls of the Dead |
| 3:28 | Ghoul |
| 3:44 | Ziggurat |
| 3:49 | Graveyard |
| 4:04 | Ghoul |
| 5:15 | Graveyard |
| 5:40 | Unholy Aura |
| 6:03 | Black Citadel |
| 6:07 | Ghoul |
| 6:32 | Nerubian Tower |
| 6:52 | Crypt Fiend |
| 6:53 | Slaughterhouse |
| 6:57 | Potion of Healing |
| 6:59 | Frost Nova |
| 7:13 | Crypt Fiend |
| 7:36 | Burrow |
| 7:49 | Rod of Necromancy |
| 7:58 | Obsidian Statue |
| 8:24 | Crypt Fiend |
| 8:46 | Orb of Corruption |
| 8:49 | Crypt Fiend |
| 9:21 | Crypt Fiend |
| 9:25 | Obsidian Statue |
| 9:26 | Abomination |
| 9:48 | Death Coil |
| 9:57 | Dark Ritual |
| 10:05 | Ziggurat |
| 10:25 | Scroll of Healing |
| 10:58 | Howl of Terror |
| 11:13 | Abomination |
| 11:26 | Crypt Fiend |
| 11:46 | Ziggurat |
| 11:48 | Creature Attack |
| 12:08 | Web |
| 14:10 | Cleaving Attack |
| 14:17 | Frost Nova |
| 14:51 | Crypt Fiend |
| 14:52 | Abomination |
| 15:19 | Crypt Fiend |
| 15:24 | Crypt Fiend |
| 15:25 | Abomination |
| 15:26 | Disease Cloud |
| 16:25 | Unholy Aura |
| 16:39 | Crypt Fiend |
| 16:39 | Abomination |
| 16:50 | Potion of Lesser Invulnerability |
| 16:51 | Scroll of Healing |
| 16:56 | Potion of Healing |
| 16:56 | Orb of Corruption |
| 17:00 | Rod of Necromancy |
| 17:24 | Crypt Fiend |
| 18:49 | Crypt Fiend |
| 19:28 | Dark Ritual |
| 19:42 | Crypt Fiend |
| 19:43 | Abomination |
| 19:47 | Howl of Terror |
| 21:11 | Crypt Fiend |
| 21:12 | Obsidian Statue |
| 21:56 | Ziggurat |
| 21:58 | Improved Creature Attack |
| 22:05 | Death Coil |
| 22:36 | Acolyte |
| 22:48 | Rod of Necromancy |
| 22:48 | Potion of Healing |
| 22:49 | Potion of Mana |
| 22:50 | Scroll of Healing |
| 23:50 | Cleaving Attack |
| 24:33 | Frost Nova |
| 25:05 | Abomination |
| 25:22 | Ziggurat |
| 28:25 | Crypt Fiend |
| 28:50 | Cleaving Attack |
| 31:26 | Abomination |
| 32:24 | Rod of Necromancy |
| 34:07 | Unholy Aura |
| 34:24 | Death and Decay |
| 36:51 | Doom |
| 41:03 | Acolyte |
| 43:14 | Scroll of Healing |
| 43:15 | Potion of Lesser Invulnerability |
| Right click | 2568 |
| Select group | 1342 |
| Select | 790 |
| Build/train/purchase | 159 |
| Use ability | 128 |
| Misc. action | 117 |
| Assign group | 79 |
| Item give/drop | 7 |
| Remove unit | 2 |